 Dungeon Crawl Stone Soup version 0.18.1-8-gdd0e5ea (webtiles) character file.

582 Krapule the Vandal (level 7, -15/46 HPs)
             Began as a Halfling Hunter on May 27, 2016.
             Killed from afar by Hipnos's ghost (23 damage)
             ... with a stone arrow
             ... on level 4 of the Dungeon.
             The game lasted 00:13:13 (5179 turns).

Krapule the Vandal (Halfling Hunter)                Turns: 5179, Time: 00:13:14

Health: -15/46     AC:  7    Str: 12    XL:     7   Next: 63%
Magic:  7/7        EV: 15    Int: 10    God:
Gold:   154        SH:  0    Dex: 17    Spells: 0 memorised, 6 levels left

rFire  . . .     SeeInvis .     b - +0 scimitar (freeze)
rCold  . . .     Gourm    .     v - +0 ring mail
rNeg   . . .     Faith    .     (shield restricted)
rPois  +         Spirit   .     (no helmet)
rElec  .         Dismiss  .     (no cloak)
rCorr  .         Reflect  .     u - +0 pair of gloves
SustAt .         Harm     .     (no boots)
MR     .....                    (no amulet)
Stlth  ++........               (no ring)
                                l - ring of poison resistance

@: not resistant to hostile enchantments, unstealthy
A: mutation resistance 1
a: no special abilities


You were on level 4 of the Dungeon.
You were not hungry.

You visited 1 branch of the dungeon, and saw 4 of its levels.

You collected 154 gold pieces.

Inventory:

Hand Weapons
 a - a +1 hunting sling
 b - a +0 scimitar of freezing (weapon)
Missiles
 d - 61 sling bullets
 g - 148 stones (quivered)
Armour
 u - a +0 pair of gloves (worn)
 v - a +0 ring mail (worn)
Jewellery
 l - a ring of poison resistance (left hand)
 p - an uncursed amulet of faith
Wands
 k - a wand of disintegration (14/24)
Scrolls
 c - a scroll of recharging
 m - 2 scrolls of teleportation
 n - a scroll of identify
Potions
 e - 3 potions of curing
 i - a potion of lignification
 s - a potion of haste {unknown}
Comestibles
 f - 2 bread rations
 h - a meat ration


   Skills:
 + Level 3.3 Fighting
 + Level 7.5 Slings
 + Level 4.1 Armour
 + Level 4.3 Dodging
 + Level 3.7 Stealth


You had 6 spell levels left.
You didn't know any spells.

Dungeon Overview and Level Annotations

Branches:
Dungeon (4/15)
 Temple: D:4-7

Altars:

Annotations:
D:3 raph's ghost, amateur DDNe
D:4 Hipnos's ghost, amateur GrEE


Innate Abilities, Weirdness & Mutations

You are small and have problems with some larger weapons.
You are somewhat resistant to further mutation.


Message History

The hound is almost dead.
The hound barely misses you. The hound misses you.
You hit the hound. You freeze the hound.
You kill the hound!
Hipnos's ghost points at you and mumbles some strange words.
The stone arrow misses you. Hipnos's ghost casts a spell at you.
The stone arrow hits you!
Ouch! That really hurt!
* * * LOW HITPOINT WARNING * * *
You see here a stone.
You see here a stone.
You see here a stone.
Hipnos's ghost points at you and mumbles some strange words.
The rocky blast hits you!
* * * LOW HITPOINT WARNING * * *
Hipnos's ghost gestures at you while chanting.
The stone arrow hits you!
Ouch! That really hurt!
You die...

### ##.## #...# # #
#.#######.######.#
#
#.......รท#((.....#
#
#########.#(#.####
# #........# #
#.#W#.##.#
#######...## #
..........(##.#
#####...@...#.#
#.........((.#
#.##.......#.#
##.###........#
####...###....##.#
#.............##.#
#.##>.c###....##.#
#.###S#..........#
#.#
#....<.......######


You could see Hipnos's ghost.

Vanquished Creatures
  An ogre (D:4)
  A centaur (D:4)
  2 hounds (D:4)
  2 orc priests (D:4)
  3 orc wizards
  Natasha (twice) (D:4)
  A gnoll (D:4)
  5 adders
  An ooze (D:4)
  3 worms
  2 dart slugs
  8 orcs
  7 giant cockroaches
  5 goblins
  7 hobgoblins
  9 jackals
  8 kobolds
  3 quokkas
  A ball python (D:4)
  7 bats
  2 giant newts
  12 rats
92 creatures vanquished.

Notes
Turn   | Place    | Note
--------------------------------------------------------------
     0 | D:1      | Krapule the Halfling Hunter began the quest for the Orb.
     0 | D:1      | Reached XP level 1. HP: 14/14 MP: 1/1
    99 | D:1      | Reached XP level 2. HP: 16/19 MP: 2/2
   178 | D:1      | Reached skill level 6 in Slings
   544 | D:1      | Reached skill level 1 in Armour
   697 | D:1      | Reached XP level 3. HP: 24/24 MP: 3/3
  1846 | D:2      | Reached XP level 4. HP: 29/29 MP: 4/4
  2272 | D:3      | Noticed raph's ghost (amateur DDNe)
  3282 | D:3      | Reached XP level 5. HP: 31/35 MP: 5/5
  3639 | D:4      | Reached XP level 6. HP: 32/41 MP: 6/6
  3729 | D:4      | Noticed Natasha
  3739 | D:4      | Killed Natasha
  3739 | D:4      | Reached skill level 7 in Slings
  3927 | D:4      | Noticed an ogre
  3945 | D:4      | Killed an ogre
  3999 | D:4      | Reached XP level 7. HP: 35/45 MP: 7/7
  4860 | D:4      | Noticed Natasha
  4883 | D:4      | HP: 2/46 [Natasha (1)]
  4894 | D:4      | Killed Natasha
  5162 | D:4      | Noticed Hipnos's ghost (amateur GrEE)
  5179 | D:4      | Killed from afar by Hipnos's ghost

Skill      XL: |  1  2  3  4  5  6  7 |
---------------+----------------------+-----
Fighting       | 2 3 |  3.3
Slings         | 6 7 |  7.5
Armour         | 1 2 3 4 |  4.1
Dodging        | 3 4 |  4.3
Stealth        | 2 3 |  3.7

Action                   |  1- 3 |  4- 6 |  7- 9 || total
-------------------------+-------+-------+-------++-------
Melee: Short sword       |    31 |       |       ||    31
       Scimitar          |    31 |   151 |    74 ||   256
 Fire: Hunting sling     |    26 |    19 |    34 ||    79
  Use: Scroll            |       |     7 |       ||     7
       Potion            |       |       |     3 ||     3
 Stab: Sleeping          |     2 |     4 |       ||     6
  Eat: Chunk             |     3 |     4 |     4 ||    11
       Beef jerky        |       |     1 |       ||     1
       Pizza             |       |       |     1 ||     1
Armor: Leather armour    |    11 |    36 |       ||    47
       Ring mail         |       |     6 |    24 ||    30
       Skin              |       |       |    28 ||    28
Dodge: Dodged            |    59 |   176 |    80 ||   315
